 Dungeon Crawl Stone Soup version 0.30-a0-322-g102857c98e (webtiles) character file.

Game seed: 4491021863996601408

245 lunkers the Cudgeller (level 6, -9/28 (45) HPs)
             Began as a Meteoran Wanderer on Oct 27, 2022.
             Mangled by a gnoll
             ... wielding a +0 halberd
              (11 damage)
             ... on level 4 of the Dungeon.
             The game lasted 00:02:43 (1053 turns).

lunkers the Cudgeller (Meteoran Wanderer)           Turns: 1053, Time: 00:02:43

HP:   -9/28 (45)    AC:  4    Str: 12    XL:     6   Next: 59%
MP:   9/9           EV: 11    Int: 19    God:
Gold: 45            SH:  3    Dex: 12    Spells: 6/7 levels left

rFire   . . .      SeeInvis .    l - +0 flail
rCold   . . .      Faith    .    h - +0 buckler
rNeg    . . .      Spirit   .    d - +0 robe
rPois   .          Reflect  .    (no helmet)
rElec   .          Harm     .    (no cloak)
rCorr   .          Rampage  .    b - +1 pair of gloves
Will    .....                    (no boots)
Stlth   +.........               (no amulet)
HPRegen 0.24/turn                (no ring)
MPRegen 0.11/turn                (no ring)

@: glowing, very heavily drained
A: sense surroundings 1, otherworldly, glowing, explore regen
a: no special abilities


You were on level 4 of the Dungeon.
You visited 1 branch of the dungeon, and saw 4 of its levels.

You collected 45 gold pieces.

Inventory:

Hand Weapons
 a - a +0 club
 f - a +0 mace
 l - a +0 flail (weapon)
Armour
 b - a +1 pair of gloves (worn)
 d - a +0 robe (worn)
 h - a +0 buckler (worn)
 m - a +0 ring mail
Magical Staves
 n - a staff of poison
Wands
 e - a wand of mindburst (15)
 j - a wand of roots (5)
Potions
 c - a potion of lignification
 g - a potion of mutation
 i - a potion of heal wounds {unknown}
 k - 2 potions of degeneration {unknown}


   Skills:
 + Level 7.6 Maces & Flails
 - Level 1.2 Armour
 - Level 1.2 Dodging
 - Level 1.3 Spellcasting
 - Level 2.4 Conjurations
 - Level 6.0 Evocations


You had 6 spell levels left.
You knew the following spells:

 Your Spells              Type           Power      Damage    Failure   Level
p - Kiss of Death         Conj/Necr      20%        2d7       16%         1

Your spell library contained the following spells:

 Spells                   Type           Power      Damage    Failure   Level
 Mephitic Cloud           Conj/Pois/Air  4%         N/A       47%         3


Dungeon Overview and Level Annotations

Branches:
Dungeon (4/15) Zot: 1325
 Temple: D:4-7

Altars:

Shops:
D:2 [*?[


Innate Abilities, Weirdness & Mutations

You passively map a small area around you.
You are easily found by Zot.
You glow in the dark.
You regain HP and MP as you explore.


Message History

Found a ring mail.
No target in view!
No target in view!
A gnoll comes into view. It is wielding a +0 club.
The gnoll shouts!
You hear a shout! x2
A gnoll comes into view. It is wielding a +0 club.
A gnoll comes into view. It is wielding a +0 halberd.
The gnoll hits you with a +0 club.
You see here a +0 ring mail.
You hit the gnoll.
The gnoll is moderately wounded.
The gnoll barely misses you.
A gnoll comes into view. It is wielding a +0 whip.
The gnoll shouts!
You hit the gnoll.
The gnoll is moderately wounded.
The gnoll hits you but does no damage.
You barely miss the gnoll.
The gnoll is moderately wounded.
The gnoll hits you from afar with a +0 halberd!
m - a +0 ring mail The gnoll hits you but does no damage.
You closely miss the gnoll. The gnoll hits you with a +0 club.
* * * LOW HITPOINT WARNING * * *
You sock the gnoll!
The gnoll is heavily wounded.
The gnoll hits you but does no damage.
The gnoll hits you from afar with a +0 halberd!
Ouch! That really hurt!
* * * LOW HITPOINT WARNING * * *
Aiming: Fastroot
Press: ? - help, Shift-Dir - straight line, f - gnoll
Aim: a gnoll, wielding a +0 club (heavily wounded)
The roots erupt in riotous growth!
Roots grab the gnoll. x2
The grasping roots constrict the gnoll!
You kill the gnoll!
The grasping roots constrict the gnoll.
The gnoll hits you from afar with a +0 halberd!
You die...

..## #.# #.# .## #.#
#.# .# #.# ##[# .#
#.########..# .#
#.........#.########
.##
########.###........
.)##### ###
##.#.......#.
..)..<#
#...###..#####.# ,
..###.# #gg)@..# * *
* .## #.# #..g####.#
, .# *#.#* ##. * #.#
,** * .. ... * ..
..# , ... ... #. ,
#.# ,* .......... ,
### , #,#.#.#.#* , *
,, * , *


You could see 3 gnolls.

Vanquished Creatures
  Sigmund (D:2)
  A hound (D:3)
  3 adders
  A gnoll (D:4)
  A worm (D:2)
  2 orcs (D:3)
  A ball python (D:2)
  A bat (D:3)
  3 endoplasms
  2 giant cockroaches
  3 hobgoblins
  2 jackals (D:2)
  A quokka (D:3)
  3 frilled lizards (D:3)
  5 goblins
  3 kobolds
  2 rats
35 creatures vanquished.

Notes
Turn   | Place    | Note
-------+----------+-------------------------------------------
     0 | D:1      | lunkers the Meteoran Wanderer began the quest for the Orb.
     0 | D:1      | lunkers set off with the following items: a +0 club, a +0
                  | pair of gloves, a potion of lignification, a +0 robe, a
                  | wand of mindburst (15); and the following spell memorised:
                  | Kiss of Death; and the following spells available to
                  | memorise: Mephitic Cloud.
     0 | D:1      | Reached XP level 1. HP: 14/14 MP: 3/3
    71 | D:1      | Reached skill level 1 in Maces & Flails
   134 | D:1      | You fall into a shaft and drop 1 floor!
   138 | D:2      | Found Lugaz's Antique Armour Emporium.
   191 | D:2      | Reached skill level 2 in Maces & Flails
   191 | D:2      | Reached XP level 2. HP: 19/20 MP: 5/5
   204 | D:2      | Reached skill level 3 in Maces & Flails
   204 | D:2      | Reached XP level 3. HP: 26/26 MP: 6/6
   253 | D:2      | Found Uliarch's General Store.
   299 | D:2      | Noticed Sigmund
   303 | D:2      | Killed Sigmund
   304 | D:2      | Reached skill level 6 in Maces & Flails
   304 | D:2      | Reached XP level 4. HP: 17/33 MP: 3/7
   304 | D:2      | Reached XP level 5. HP: 20/38 MP: 3/8
   304 | D:2      | Reached XP level 6. HP: 23/45 MP: 3/9
   305 | D:2      | Found Vakogh's Armour Shop.
   361 | D:2      | Found Ogesigh's Magic Scroll Emporium.
   437 | D:3      | Reached skill level 7 in Maces & Flails
  1052 | D:4      | HP: 1/28 [gnoll/+0 halberd (15)]
  1053 | D:4      | Mangled by a gnoll

Illustrated notes

Levels and vault maps discovered:
D:1:      reono_arrival_forest_river, layout_basic, hangedman_decor_points,
          minmay_box_of_dots
D:2:      layout_loops_ring, serial_shops,
          nicolae_shop_temple_entry_statues_fountains, nicolae_square_shop,
          shop_fountains, shop_statue, uniq_crazy_yiuf_cottage, uniq_sigmund
D:3:      minmay_evil_eye, layout_basic, dreamdust_ecumenical_altar_statues
D:4:      layout_loops_ring, nicolae_elemental_shop, supply_closet_lemuel

Skill      XL: |  1  2  3  4  5  6 |
---------------+-------------------+-----
Maces & Flails | 2 3 6 7 |  7.6
Armour         | |  1.2
Dodging        | |  1.2
Spellcasting   | |  1.3
Conjurations   | |  2.4
Evocations     | |  6.0

Action                   |  1- 3 |  4- 6 || total
-------------------------+-------+-------++-------
Melee: Club              |    10 |       ||    10
       Mace              |    29 |    53 ||    82
       Punch             |     1 |       ||     1
       Flail             |       |    31 ||    31
 Cast: Kiss of Death     |     4 |     3 ||     7
Evoke: Wand              |       |     1 ||     1
  Use: Scroll            |       |     3 ||     3
Armor: Robe              |     8 |    20 ||    28
Dodge: Dodged            |    17 |    47 ||    64
Block: Buckler           |     2 |    11 ||    13

Table legend: (Time is in decaauts)
 A = Elapsed time spent in this place.
 B = Non-inter-level travel time spent in this place.
 C = Inter-level travel time spent in this place.
 D = Time resting spent in this place.
 E = Time spent auto-exploring this place.
 F = Levels seen in this place.
 G = Mean time per level.
                   A        B        C        D        E       F      G
               +--------+--------+--------+--------+--------+-----+--------+
         Total |   1073 |    966 |    107 |      0 |    621 |   4 |  268.2 |
       Dungeon |   1073 |    966 |    107 |      0 |    621 |   4 |  268.2 |
               +--------+--------+--------+--------+--------+-----+--------+

Top non-repeatable levels by time:
     D:3: 594 daAuts
     D:2: 272 daAuts
     D:1: 139 daAuts
     D:4: 67 daAuts
